 Dungeon Crawl Stone Soup version 0.28-a0-1374-ga75cb3825e (webtiles) character file.

Game seed: 3499418437883259964

157 Shayle the Sneak (level 5, -2/38 HPs)
             Began as a Demonspawn Warper on Jan 1, 2022.
             Slain by a gnoll (4 damage)
             ... on level 3 of the Dungeon.
             The game lasted 00:07:04 (2266 turns).

Shayle the Sneak (Demonspawn Warper)                Turns: 2266, Time: 00:07:04

Health: -2/38      AC:  3    Str: 12    XL:     5   Next: 15%
Magic:  8/8        EV: 11    Int: 14    God:
Gold:   118        SH:  0    Dex: 14    Spells: 8/8 levels left

rFire   . . .      SeeInvis .   a - +0 hand axe
rCold   . . .      Faith    .   (no shield)
rNeg    . . .      Spirit   .   b - +0 leather armour
rPois   .          Reflect  .   (no helmet)
rElec   .          Harm     .   (cloak unavailable)
rCorr   .          Rampage  .   (no gloves)
Will    .....                   (no boots)
Stlth   +++.......              g - amulet of regeneration
HPRegen 0.92/turn               (no ring)
MPRegen 0.11/turn               (no ring)

@: no status effects
A: demonic guardian 1, weakness stinger 3
a: no special abilities


You were on level 3 of the Dungeon.
You visited 1 branch of the dungeon, and saw 4 of its levels.

You collected 118 gold pieces.

Inventory:

Hand Weapons
 a - a +0 hand axe (weapon)
Missiles
 d - 5 boomerangs of dispersal (quivered)
 j - 2 throwing nets
Armour
 b - a +0 leather armour (worn)
Jewellery
 g - an amulet of regeneration (around neck)
Scrolls
 c - a scroll of blinking
 h - a scroll of identify {unknown}
Potions
 e - a potion of curing {unknown}
 f - a potion of invisibility
 i - a potion of heal wounds {unknown}


   Skills:
 - Level 2.0 Fighting
 - Level 1.7 Axes
 - Level 0.8 Throwing
 - Level 0.8 Armour
 - Level 1.7 Dodging
 + Level 4.9 Stealth
 - Level 2.0 Spellcasting
 - Level 2.6 Translocations


You had 8 spell levels left.
You didn't know any spells.
Your spell library contained the following spells:

 Spells                   Type           Power      Damage    Failure   Level
 Blink                    Tloc           16%        N/A       16%         2
 Shock                    Conj/Air       4%         1d3       30%         1
 Gell's Gravitas          Tloc           8%         N/A       30%         3
 Lesser Beckoning         Tloc           8%         N/A       30%         3
 Teleport Other           Tloc           8%         N/A       30%         3
 Swiftness                Air            1%         N/A       65%         3
 Manifold Assault         Tloc           8%         N/A       95%         5
 Airstrike                Air            0%         N/A       96%         4


Dungeon Overview and Level Annotations

Branches:
Dungeon (4/15)
 Temple: D:4-7

Altars:
Nemelex Xobeh

Shops:
D:2 *   D:3 =

Annotations:
D:4 Robin, Sigmund


Innate Abilities, Weirdness & Mutations

A weak demonic guardian rushes to your aid.
You have a sharp stinger which inflicts weakening toxins.


Message History

The goblin hits you but does no damage.
The goblin is no longer weakened.
There is an open door here.
The gnoll shouts!
You close the door.
A goblin breaks down the door.
The gnoll hits you from afar with a +0 halberd.
The goblin no longer looks unusually strong.
The gnoll throws a stone.
The stone closely misses you. The goblin barely misses you.
The goblin barely misses you.
You barely miss the goblin.
The goblin is moderately wounded.
The gnoll hits you from afar with a +0 halberd.
The goblin barely misses you.
The gnoll hits you from afar with a +0 halberd.
You hit the goblin but do no damage.
The goblin is moderately wounded.
The goblin barely misses you.
The gnoll hits you from afar with a +0 halberd!
You hit the goblin.
The goblin is severely wounded.
The goblin closely misses you. The gnoll completely misses you.
You hit the goblin.
You kill the goblin!
The gnoll barely misses you. The gnoll closely misses you.
Things that are here:
a +0 dagger; a goblin corpse You hit the gnoll but do no damage.
The gnoll is moderately wounded.
The gnoll closely misses you.
You hit the gnoll.
The gnoll is heavily wounded.
The gnoll hits you with a +0 halberd! x2
* * * LOW HITPOINT WARNING * * *
A demonic guardian appears!
You barely miss the gnoll.
The gnoll is heavily wounded.
The gnoll hits you with a +0 halberd.
You die...

#### #.g. #.## #######.#
### #.g..gJ.# #...
#.######## #.... #.# #....
#.....###########.####.#..
#.......5@g...............
####.###################..
........... #......#.
#.....g#. #......#.
#......#. ######......##
#...........#


You could see a gnoll (ally target) and a friendly ufetubus (summoned).

Vanquished Creatures
  A bullfrog zombie (D:4)
  3 gnolls (D:3)
  An adder (D:4)
  A worm (D:2)
  3 dart slugs
  3 orcs
  7 endoplasms
  2 giant cockroaches (D:2)
  5 goblins
  4 hobgoblins
  3 quokkas
  5 ball pythons
  5 bats
  3 frilled lizards (D:2)
  5 kobolds
  A rat (D:2)
52 creatures vanquished.

Vanquished Creatures (collateral kills)
  A gnoll (D:3)
  An adder (D:2)
  A dart slug (D:4)
3 creatures vanquished.

Grand Total: 55 creatures vanquished

Notes
Turn   | Place    | Note
-------+----------+-------------------------------------------
     0 | D:1      | Shayle the Demonspawn Warper began the quest for the Orb.
     0 | D:1      | Reached XP level 1. HP: 16/16 MP: 3/3
    33 | D:1      | Found a faded altar of an unknown god.
    84 | D:1      | Reached skill level 1 in Stealth
   363 | D:1      | Gained mutation: You have a small tail. [demonic ancestry]
   363 | D:1      | Reached XP level 2. HP: 16/22 MP: 5/5
   529 | D:1      | Reached skill level 2 in Stealth
  1143 | D:2      | Gained mutation: A weak demonic guardian rushes to your
                  | aid. [demonic ancestry]
  1143 | D:2      | Reached XP level 3. HP: 27/27 MP: 6/6
  1212 | D:2      | Found Xoqa's General Store.
  1405 | D:2      | Reached skill level 3 in Stealth
  1808 | D:4      | Gained mutation: You have a tail ending in a sharp stinger.
                  | [demonic ancestry]
  1808 | D:4      | Reached XP level 4. HP: 29/33 MP: 7/7
  1816 | D:4      | Reached skill level 4 in Stealth
  1816 | D:4      | Found a sparkling altar of Nemelex Xobeh.
  1872 | D:4      | Noticed Robin
  1873 | D:4      | Noticed Sigmund
  1978 | D:3      | Gained mutation: You have a sharp stinger which inflicts
                  | weakening toxins. [demonic ancestry]
  1978 | D:3      | Reached XP level 5. HP: 16/38 MP: 8/8
  2166 | D:3      | Found Onwess's Jewellery Boutique.
  2265 | D:3      | HP: 1/38 [gnoll (14)]
  2266 | D:3      | Slain by a gnoll

Illustrated notes

Levels and vault maps discovered:
D:1:      lightli_arrival_maybe_door_vault, layout_loops_ring, serial_glass,
          glass_columns_c, glass_columns_a, hellmonk_ecumenical_altar_blasted,
          chequers_serial_rivers_micro_b
D:2:      layout_loops_ring, serial_shops, nicolae_shop_trees, minmay_unequal
D:3:      layout_basic, okawaru_metal_pillars_3, serial_shops, shop
D:4:      layout_cave_pools, elyvilon_altar_3,
          nemelex_xobeh_ov_fountains_minmay, uniq_sigmund, uniq_pikel,
          uniq_robin

Skill      XL: |  1  2  3  4 |
---------------+-------------+-----
Stealth        | 1 2 3 4 |  4.9
Fighting       | |  2.0
Axes           | |  1.7
Throwing       | |  0.8
Armour         | |  0.8
Dodging        | |  1.7
Spellcasting   | |  2.0
Translocations | |  2.6

Action                   |  1- 3 |  4- 6 || total
-------------------------+-------+-------++-------
Melee: Hand axe          |   123 |    48 ||   171
       Tailslap          |    12 |     9 ||    21
  Use: Scroll            |     1 |       ||     1
       Potion            |     1 |       ||     1
 Stab: Sleeping          |     6 |       ||     6
       Invisible         |     5 |     3 ||     8
       Distracted        |     1 |       ||     1
Armor: Leather armour    |    31 |     6 ||    37
Dodge: Dodged            |    69 |    47 ||   116

Table legend: (Time is in decaauts)
 A = Elapsed time spent in this place.
 B = Non-inter-level travel time spent in this place.
 C = Inter-level travel time spent in this place.
 D = Time resting spent in this place.
 E = Time spent auto-exploring this place.
 F = Levels seen in this place.
 G = Mean time per level.
                   A        B        C        D        E       F      G
               +--------+--------+--------+--------+--------+-----+--------+
         Total |   2302 |   2262 |     40 |     60 |   1473 |   4 |  575.5 |
       Dungeon |   2302 |   2262 |     40 |     60 |   1473 |   4 |  575.5 |
               +--------+--------+--------+--------+--------+-----+--------+

Top non-repeatable levels by time:
     D:1: 1050 daAuts
     D:2: 666 daAuts
     D:3: 462 daAuts
     D:4: 123 daAuts
